 Dungeon Crawl Stone Soup version 0.23-b1-84-g6588a6b (webtiles) character file.

Game seed: 13706158923447547832

224 swicky the Chopper (level 5, -1/47 HPs)
             Began as a Minotaur Fighter on Feb 10, 2019.
             Slain by Menkaure (18 damage)
             ... on level 4 of the Dungeon.
             The game lasted 00:13:50 (2028 turns).

swicky the Chopper (Minotaur Fighter)               Turns: 2028, Time: 00:13:50

Health: -1/47      AC: 12    Str: 22    XL:     5   Next: 67%
Magic:  4/4        EV:  4    Int:  5    God:
Gold:   83         SH:  9    Dex:  9    Spells: 4/4 levels left

rFire    . . .     SeeInvis .   A - +1 flail (crush)
rCold    . . .     Gourm    .   c - +0 shield
rNeg     . . .     Faith    .   k - +0 plate armour
rPois    .         Spirit   .   (helmet restricted)
rElec    .         Reflect  .   (no cloak)
rCorr    .         Harm     .   (no gloves)
MR       .....                  (no boots)
Stlth    ..........             (no amulet)
HPRegen  0.15/turn              (no ring)
MPRegen  0.09/turn              (no ring)

@: no status effects
A: retaliatory headbutt, horns 2
a: no special abilities


You were on level 4 of the Dungeon.
You were not hungry.

You visited 1 branch of the dungeon, and saw 4 of its levels.

You collected 83 gold pieces.

Inventory:

Hand Weapons
 a - a +0 war axe
 g - a +0 dagger
 i - a +0 hunting sling
 A - a +1 flail of crushing (weapon)
Armour
 b - a +0 scale mail
 c - a +0 shield (worn)
 j - a +1 ring mail of cold resistance
 k - a +0 plate armour (worn)
Jewellery
 s - an uncursed amulet of the gourmand {unknown}
 y - an uncursed ring of resist corrosion {unknown}
Wands
 x - a wand of enslavement (6)
 E - a wand of polymorph (9)
Scrolls
 e - 4 scrolls of remove curse {unknown}
 m - a scroll of fear {unknown}
 n - 3 scrolls of teleportation {unknown}
 o - 3 scrolls of identify {unknown}
 p - 2 scrolls of immolation {unknown}
 q - a scroll of blinking {unknown}
 v - a scroll of fog {unknown}
 C - a scroll of magic mapping {unknown}
 D - a scroll of amnesia {unknown}
Potions
 d - 2 potions of might
 h - a potion of haste {unknown}
 l - 2 potions of agility {unknown}
 r - a potion of magic {unknown}
 t - 2 potions of curing {unknown}
 u - a potion of resistance
 w - a potion of mutation {unknown}
 z - a potion of ambrosia {unknown}
 B - 2 potions of heal wounds {unknown}
Comestibles
 f - 6 rations


   Skills:
 + Level 4.5 Fighting
 + Level 4.8(5.0) Axes
 + Level 1.8(3.6) Maces & Flails
 + Level 4.7 Armour
 + Level 4.4 Shields


You had 4 spell levels left.
You didn't know any spells.
Your spell library was empty.

Dungeon Overview and Level Annotations

Branches:
Dungeon (4/15)
 Temple: D:4-7

Altars:

Annotations:
D:4 Menkaure


Innate Abilities, Weirdness & Mutations

You reflexively headbutt those who attack you in melee.
You have a pair of horns on your head.


Message History

Your body is wracked with pain!
You are too injured to fight recklessly!
You are too injured to fight recklessly!
You are too injured to fight recklessly!
You are too injured to fight recklessly!
You are too injured to fight recklessly!
You are too injured to fight recklessly!
You are too injured to fight recklessly!
You are too injured to fight recklessly!
You are too injured to fight recklessly!
Aiming: Polymorph
Press: ? - help, Shift-Dir - straight line, f - Menkaure
Aim: Menkaure (lightly damaged, not susceptible) Menkaure is unaffected.
Menkaure wails, "Why can't you leave me to my rest?"
You block Menkaure's attack.
You completely miss Menkaure.
Menkaure is lightly damaged.
Menkaure hits you!!
You die...

#.. # #.# ...# .# # #.#
......# # #.# ..#..# ## #.#
...... .## #.# #.##.# ..# #.#
#.##.#
.####.#####.#.####.##.# #
............#..M@.....# .##
#.###.###.#.#########.###...#
#.###.# ... ..........†..#
#.#...# #.# #######.###...#
#.#.### #.# #.# .## #.#.# #.#
#.# # #.#.# ##.#########.#
#.#†# #........<...# #.#.#
#.....#.######


You could see Menkaure.

Vanquished Creatures
  A hound (D:4)
  An iguana (D:4)
  A worker ant (D:4)
  Terence (D:2)
  5 adders
  2 oozes
  2 worms (D:3)
  3 dart slugs (D:2)
  2 leopard geckos (D:3)
  2 orcs
  7 bats
  2 giant cockroaches
  5 goblins
  3 hobgoblins (D:1)
  2 ball pythons (D:1)
  7 frilled lizards
  9 kobolds
  7 rats
62 creatures vanquished.

Notes
Turn   | Place    | Note
-------+----------+-------------------------------------------
     0 | D:1      | swicky the Minotaur Fighter began the quest for the Orb.
     0 | D:1      | Reached XP level 1. HP: 19/19 MP: 0/0
   255 | D:1      | Reached XP level 2. HP: 27/27 MP: 1/1
   658 | D:2      | Reached XP level 3. HP: 30/33 MP: 2/2
   903 | D:2      | Noticed Terence
   910 | D:2      | Killed Terence
   910 | D:2      | Reached XP level 4. HP: 36/41 MP: 3/3
  1976 | D:4      | Reached skill level 1 in Maces & Flails
  1976 | D:4      | Reached XP level 5. HP: 47/47 MP: 4/4
  2021 | D:4      | Noticed Menkaure
  2028 | D:4      | Slain by Menkaure

Skill      XL: |  1  2  3  4  5 |
---------------+----------------+-----
Armour         | 4 |  4.7
Fighting       | 4 |  4.5
Axes           | 3 4 |  4.8
Shields        | 4 |  4.4
Maces & Flails | 1 |  1.8

Action                   |  1- 3 |  4- 6 || total
-------------------------+-------+-------++-------
Melee: War axe           |    85 |    64 ||   149
       Headbutt          |    11 |    10 ||    21
       Flail             |       |    24 ||    24
Evoke: Wand              |       |     1 ||     1
  Eat: Chunk             |       |     2 ||     2
       Ration            |       |     1 ||     1
Armor: Scale mail        |     3 |       ||     3
       Ring mail         |     9 |       ||     9
       Plate armour      |    35 |    50 ||    85
Dodge: Dodged            |    19 |    21 ||    40
Block: Shield            |    49 |    49 ||    98
